 Dungeon Crawl Stone Soup version 0.28-a0-1486-g8196b01e9b (console) character file.

Game seed: 1331094557918552991

1871 Banquo the Magician (level 9, 0/65 HPs)
             Began as a Djinni Cinder Acolyte on Jan 12, 2022.
             Was a High Priest of Ignis.
             Slain by Ijyb (1 damage)
             ... on level 5 of the Dungeon.
             The game lasted 00:28:37 (9151 turns).

Banquo the Magician (Djinni Cinder Acolyte)         Turns: 9151, Time: 00:28:38

Health: 0/65       AC:  1    Str: 10 (13) XL:     9   Next: 35%
Gold:   213        EV: 12    Int: 18 (20) God:    Ignis [*****.] SH:  0 Dex:  8 (9)

rFire   + + +      SeeInvis .   a - +8 dagger "Sogata" {spect, +Blink Fly}
rCold   . . .      Faith    .   (no shield)
rNeg    . . .      Spirit   .   d - +0 robe
rPois   ∞          Reflect  .   (no helmet)
rElec   .          Harm     .   (no cloak)
rCorr   .          Rampage  .   g - +2 pair of gloves
Will    +....                   (boots unavailable)
Stlth   +.........              (no amulet)
HPRegen 0.20/turn               w - ring of protection from cold
MPRegen 0.00/turn               x - ring of willpower

@: corroded, attractive, flying
A: sickness immunity, fire resistance 2, cold vulnerability 1, float, innate
caster, hp casting, extra vitality 1
a: Renounce Religion, Evoke Blink, Fiery Armour, Foxfire Swarm


You were on level 5 of the Dungeon.
You worshipped Ignis.
Ignis was extremely pleased with you.
You visited 1 branch of the dungeon, and saw 5 of its levels.

You collected 213 gold pieces.

Inventory:

Hand Weapons
 a - the +8 dagger "Sogata" (weapon) {spect, +Blink Fly}
   (You found it on level 2 of the Dungeon)

   When its wielder attacks, the weapon's spirit leaps out and strikes again.
   The spirit shares a part of any damage it takes with its wielder.
   Fly:       It grants you flight.
   +Blink:    It lets you blink.
 k - a +0 spear
 l - a -1 short sword of flaming
 o - a +0 whip of flaming
 p - a +2 short sword of speed
 r - a +0 hand axe of venom
 t - a +0 long sword
 u - a +0 rapier
 G - a +0 vorpal flail
Missiles
 j - 84 stones
 q - 3 boomerangs
 y - 3 poisoned darts
Armour
 b - an orb of light
 d - a +0 robe (worn)
 g - a +2 pair of gloves (worn)
Magical Staves
 B - a staff of death
Jewellery
 w - a ring of protection from cold (left hand)
 x - a ring of willpower (right hand)
Wands
 D - a wand of acid (4)
 E - a wand of flame (17)
 F - a wand of digging (3)
Scrolls
 e - a scroll of acquirement {unknown}
 f - 2 scrolls of fog {unknown}
 h - a scroll of blinking {unknown}
 i - a scroll of enchant armour {unknown}
 m - 2 scrolls of teleportation {unknown}
 n - 6 scrolls of identify {unknown}
 s - a scroll of silence {unknown}
Potions
 c - a potion of invisibility {unknown}
 z - a potion of attraction
 A - a potion of curing {unknown}
 C - a potion of haste {unknown}


   Skills:
 * Level 5.0 Fighting
 * Level 4.4 Short Blades
 * Level 4.5 Dodging
 * Level 1.4 Stealth
 + Level 7.2 Spellcasting


You had 10 spell levels left.
You knew the following spells:

 Your Spells              Type           Power      Damage    Failure   Level
a - Scorch                Fire           64%        2d8       1%          2
b - Ensorcelled Hibernat  Hex/Ice        64%        N/A       1%          2
c - Confusing Touch       Hex            32%        N/A       1%          3
d - Animate Dead          Necr           16%        N/A       5%          4
m - Animate Skeleton      Necr           64%        N/A       1%          1
Your spell library was empty.

Dungeon Overview and Level Annotations

Branches:
Dungeon (5/15)
 Temple: D:4-7

Altars:

Shops:
D:4 *

Annotations:
D:5 Ijyb


Innate Abilities, Weirdness & Mutations

You are immune to sickness and miasma.
You are immune to poison.
Your flesh is very heat resistant. (rF++)
You are vulnerable to cold. (rC-)
You float through the air rather than walking.
You learn spells naturally, not from books.
Your magical power is your life essence.
You have superior vitality. (+4 MHP)


Message History

Duvessa hits you with a +0 short sword. Duvessa closely misses you.
You hit Duvessa but do no damage.
Duvessa is moderately wounded.
Your +8 dagger "Sogata" {spect, +Blink Fly} hits Duvessa.
Duvessa barely misses your +8 dagger "Sogata" {spect, +Blink Fly}.
You hit Duvessa.
Duvessa is heavily wounded.
Your +8 dagger "Sogata" {spect, +Blink Fly} hits Duvessa.
Duvessa hits you but does no damage.
Ijyb zaps a wand.
The bolt of acid misses your +8 dagger "Sogata" {spect, +Blink Fly}.
The bolt of acid misses Duvessa.
The bolt of acid misses you.
You puncture Duvessa!
Duvessa is heavily wounded.
Your +8 dagger "Sogata" {spect, +Blink Fly} hits Duvessa!
Duvessa is no longer more vulnerable to fire.
Duvessa hits you with a +0 short sword!
You barely miss Duvessa.
Duvessa is severely wounded.
Your +8 dagger "Sogata" {spect, +Blink Fly} hits Duvessa!
Duvessa closely misses you.
You hit Duvessa.
Duvessa is almost dead.
Your +8 dagger "Sogata" {spect, +Blink Fly} hits Duvessa!
You kill Duvessa!
Ijyb zaps a wand.
The bolt of acid hits your +8 dagger "Sogata" {spect, +Blink Fly}!!
Your spectral weapon shares its damage with you!
The bolt of acid hits you!
* * * LOW HITPOINT WARNING * * *
The acid corrodes you!
* * * LOW HITPOINT WARNING * * *
Unknown command.
It was a potion of attraction.
You feel attractive to monsters. Ijyb is attracted toward you.
The gnoll is attracted toward you.
It was a potion of degeneration.
There was something very wrong with that liquid.
You feel weakened.
You feel dopey.
You feel clumsy.
Ijyb hits you with a +0 dagger of protection.
You die...

#.#.###.##.###### #..........# #
#.#.###.#### # #####.#)# #.# #
#### #.....#.# #.### # ...#
#.#####.# #...# # ##.###
###.#####.###.########
#...######.............#......#
####.#.......§gg@...#####......#
#.......###.#.#####.#####......#
#.#.....# #.#.# #.#...'......#
......#.###.#.# ####.##......#
..#..>....#.#.# #.###'#####
......g...e.#.# #.# #.# ##
..#.#e#.#.###.# #.###.#####.
..#.#.#.#.###.# #.##.[......
.##...#.#.....########.##.<......


You could see Ijyb and a gnoll.

Vanquished Creatures
  Pikel (D:4)
  Grinder (D:5)
  A hornet (D:5)
  Menkaure (D:5)
  Edmund (D:5)
  Duvessa (D:5)
  An ogre (D:5)
  A lemure (D:4)
  A scorpion (D:5)
  Dowan (D:5)
  A howler monkey (D:4)
  A gnoll shaman (D:5)
  A bullfrog skeleton (D:4)
  A centaur skeleton (D:4)
  3 iguanas
  A scorpion zombie (D:5)
  A hound skeleton (D:4)
  A howler monkey skeleton (D:5)
  9 gnolls
  4 adders (D:2)
  6 worms
  2 dart slugs
  12 orcs
  3 ball pythons
  3 bats
  6 endoplasms
  4 giant cockroaches
  6 goblins
  5 hobgoblins
  2 jackals (D:2)
  7 quokkas
  7 frilled lizards
  3 kobolds
  4 rats (D:1)
103 creatures vanquished.

Vanquished Creatures (others)
  10 plants (D:2)
10 creatures vanquished.

Grand Total: 113 creatures vanquished

Notes
Turn   | Place    | Note
-------+----------+-------------------------------------------
     0 | D:1      | Banquo the Djinni Cinder Acolyte began the quest for the
                  | Orb.
     0 | D:1      | Reached XP level 1. HP: 20/20 MP: 0/0
   356 | D:1      | Reached XP level 2. HP: 25/25 MP: 0/0
   895 | D:2      | Reached XP level 3. HP: 23/30 MP: 0/0
   895 | D:2      | Learned a level 1 spell: Animate Skeleton
  1134 | D:2      | Reached skill level 3 in Spellcasting
  1190 | D:2      | Found a faded altar of an unknown god.
  1198 | D:2      | Reached XP level 4. HP: 33/35 MP: 0/0
  1421 | D:2      | Reached skill level 1 in Dodging
  1697 | D:2      | Found Jubijay's Jewellery Shop.
  1799 | D:2      | Identified the +8 dagger "Sogata" {spect, +Blink Fly}
  3187 | D:4      | Found Tohuu's Overcharged Wands.
  3203 | D:4      | Reached XP level 5. HP: 36/40 MP: 0/0
  3203 | D:4      | Learned a level 2 spell: Ensorcelled Hibernation
  4378 | D:4      | Reached skill level 4 in Spellcasting
  4378 | D:4      | Reached XP level 6. HP: 42/46 MP: 0/0
  4440 | D:4      | HP: 2/47 [iguana (9)]
  5747 | D:5      | Entered Level 5 of the Dungeon
  5754 | D:5      | Noticed a hornet
  5900 | D:5      | Noticed an ogre
  5903 | D:5      | Killed an ogre
  5904 | D:5      | Reached XP level 7. HP: 49/51 MP: 0/0
  5904 | D:5      | Learned a level 3 spell: Confusing Touch
  5920 | D:5      | Noticed Edmund
  5944 | D:5      | Killed Edmund
  5945 | D:5      | Reached skill level 5 in Spellcasting
  6208 | D:5      | Noticed Duvessa
  6208 | D:5      | Noticed Dowan
  6224 | D:5      | Killed Dowan
  6862 | D:5      | Noticed Pikel
  7119 | D:5      | Killed a hornet
  7120 | D:5      | Reached XP level 8. HP: 41/58 MP: 0/0
  7222 | D:5      | Reached skill level 6 in Spellcasting
  7262 | D:5      | Noticed Ijyb
  7864 | D:4      | Killed Pikel
  8138 | D:5      | Noticed Menkaure
  8174 | D:5      | Reached XP level 9. HP: 63/63 MP: 0/0
  8174 | D:5      | Learned a level 4 spell: Animate Dead
  8358 | D:5      | Noticed Grinder
  8368 | D:5      | Killed Grinder
  8369 | D:5      | Reached skill level 7 in Spellcasting
  8575 | D:5      | Reached skill level 1 in Stealth
  8644 | D:5      | Killed Menkaure
  8645 | D:5      | Reached skill level 5 in Fighting
  9149 | D:5      | Killed Duvessa
  9149 | D:5      | HP: 1/65 [Ijyb (4)]
  9151 | D:5      | Slain by Ijyb

Illustrated notes

Levels and vault maps discovered:
D:1:      dpeg_arrival_pits, layout_basic
D:2:      layout_loops_ring, serial_shops, shop,
          shapermc_ecumenical_altar_totnotflames, minmay_lizard_king
D:3:      layout_rooms
D:4:      minmay_chambers_of_threes, layout_basic,
          nicolae_shop_overcharged_wands
D:5:      minmay_general_purpose_star, layout_basic, nicolae_wormholes,
          uniq_pikel, uniq_menkaure, uniq_grinder, uniq_ijyb, uniq_duvessa,
          uniq_edmund

Skill      XL: |  1  2  3  4  5  6  7  8  9 |
---------------+----------------------------+-----
Short Blades   | 3 4 |  4.4
Spellcasting   | 3 4 5 6 7 |  7.2
Dodging        | 1 2 3 4 |  4.5
Fighting       | 4 5 |  5.0
Stealth        | 1 |  1.4

Action                   |  1- 3 |  4- 6 |  7- 9 || total
-------------------------+-------+-------+-------++-------
Melee: Short sword       |    14 |     1 |       ||    15
       Dagger            |       |     9 |    59 ||    68
       Punch             |       |       |     1 ||     1
 Cast: Scorch            |    17 |    95 |    38 ||   150
       Ensorcelled Hiber |       |     2 |     1 ||     3
       Confusing Touch   |       |       |     6 ||     6
Invok: Rising Flame      |       |     1 |       ||     1
  Use: Potion            |       |       |     2 ||     2
 Stab: Sleeping          |       |     1 |       ||     1
       Confused          |       |       |     1 ||     1
       Distracted        |       |       |     1 ||     1
Armor: Robe              |     5 |    18 |     6 ||    29
Dodge: Dodged            |    10 |    51 |    27 ||    88

Table legend: (Time is in decaauts)
 A = Elapsed time spent in this place.
 B = Non-inter-level travel time spent in this place.
 C = Inter-level travel time spent in this place.
 D = Time resting spent in this place.
 E = Time spent auto-exploring this place.
 F = Levels seen in this place.
 G = Mean time per level.
                   A        B        C        D        E       F      G
               +--------+--------+--------+--------+--------+-----+--------+
         Total |   9155 |   8488 |    667 |   3170 |   3543 |   5 | 1831.0 |
       Dungeon |   9155 |   8488 |    667 |   3170 |   3543 |   5 | 1831.0 |
               +--------+--------+--------+--------+--------+-----+--------+

Top non-repeatable levels by time:
     D:4: 3352 daAuts
     D:5: 2095 daAuts
     D:3: 1420 daAuts
     D:2: 1398 daAuts
     D:1: 888 daAuts
